 Dungeon Crawl Stone Soup version 0.18.1-48-g4cf74bf (webtiles) character file.

6581 Gargoyl the Protected (level 10, -4/79 HPs)
             Began as a Demonspawn Abyssal Knight on July 4, 2016.
             Was an Elder of Lugonu.
             Slain by a hill giant
             ... wielding a +0 giant spiked club
              (32 damage)
             ... on level 10 of the Dungeon.
             The game lasted 00:18:13 (8624 turns).

Gargoyl the Protected (Demonspawn Abyssal Knight)   Turns: 8624, Time: 00:18:14

Health: -4/79      AC: 18    Str: 16    XL:     10   Next: 71%
Magic:  13/13      EV:  9    Int: 14    God:    Lugonu [****..]
Gold:   547        SH:  2    Dex: 12    Spells: 0 memorised, 9 levels left

rFire  . . .     SeeInvis +     B - +0 war axe
rCold  . . .     Gourm    .     e - +0 chain mail
rNeg   . . .     Faith    .     (no shield)
rPois  .         Spirit   .     C - +0 mask of the Dragon {MR+ Slay+3 SInv}
rElec  +         Dismiss  .     h - +2 cloak
rCorr  +         Reflect  .     (no gloves)
SustAt .         Harm     .     g - +0 pair of boots
MR     +....                    m - amulet of rage
Stlth  ..........               (no ring)
                                s - ring of resist corrosion

@: somewhat resistant to hostile enchantments, extremely unstealthy
A: large bone plates 1, electricity resistance, spiny 2, rot immunity
a: Depart the Abyss, Bend Space, Banish, Corrupt, Renounce Religion, Evoke
Berserk Rage


You were on level 10 of the Dungeon.
You worshipped Lugonu.
Lugonu was greatly pleased with you.
You were very hungry.

You visited 1 branch of the dungeon, and saw 10 of its levels.
You visited the Abyss 1 time.

You collected 547 gold pieces.

Inventory:

Hand Weapons
 B - a +0 war axe (weapon)
Missiles
 r - 8 javelins of returning (quivered)
Armour
 e - a +0 chain mail (worn)
 g - a +0 pair of boots (worn)
 h - a +2 cloak (worn)
 C - the +0 mask of the Dragon (worn) {MR+ Slay+3 SInv}
   (You found it on level 8 of the Dungeon)

   It affects your accuracy and damage with ranged weapons and melee attacks
   (+3).
   It affects your resistance to hostile enchantments.
   It lets you see invisible.
Jewellery
 m - an amulet of rage (around neck)
 s - a ring of resist corrosion (left hand)
Wands
 f - a wand of heal wounds (4/9)
Scrolls
 j - 3 scrolls of remove curse
 p - 3 scrolls of teleportation
 x - a scroll of amnesia {unknown}
 y - a scroll of recharging {unknown}
 A - 2 scrolls of enchant weapon {unknown}
 D - a scroll of fear {unknown}
Potions
 b - a potion of cure mutation
 i - 4 potions of lignification
 l - a potion of brilliance
 n - a potion of agility {unknown}
 t - a potion of heal wounds
 v - a potion of curing
 w - 2 potions of haste {unknown}
Books
 a - a Fen Folio

   Spells                             Type                      Level
   a - Corpse Rot                     Necromancy                   2
   b - Stone Arrow                    Conjuration/Earth            3
   c - Leda's Liquefaction            Hexes/Earth                  4
   d - Summon Forest                  Summoning/Translocation      5
   e - Hydra Form                     Transmutation                6
   f - Summon Hydra                   Summoning                    7
 o - a book of Air

   Spells                             Type                      Level
   a - Shock                          Conjuration/Air              1
   b - Swiftness                      Charms/Air                   2
   c - Repel Missiles                 Charms/Air                   2
   d - Static Discharge               Conjuration/Air              3
   e - Lightning Bolt                 Conjuration/Air              5
 u - Kikubaaqudgha's Disquisition on Stolen Souls
   (You found it on level 5 of the Dungeon)

   Spells                             Type                      Level
   a - Animate Skeleton               Necromancy                   1
Comestibles
 c - 7 bread rations
 d - 11 meat rations
 k - 6 fruits
 q - a royal jelly
 z - a beef jerky
 E - 3 slices of pizza


   Skills:
 + Level 7.1 Fighting
 + Level 5.5 Axes
 + Level 1.1 Throwing
 * Level 10.8 Armour
 + Level 6.1 Dodging
 + Level 1.5 Stealth
 + Level 4.2 Invocations


You had 9 spell levels left.
You didn't know any spells.

Dungeon Overview and Level Annotations

Branches:
Dungeon (10/15)            Temple (0/1) D:5            Lair (0/8) D:9
    Orc (0/2) D:9

Altars:
Ashenzari
Cheibriados
Gozag
Kikubaaqudgha
Nemelex Xobeh
Okawaru
Pakellas
Qazlal
Ru
Sif Muna
Trog
Vehumet
Xom
Yredelemnul
Zin


Innate Abilities, Weirdness & Mutations

You are partially covered in large bone plates (AC +2, SH +2).
You are mostly covered in sharp spines.
You are immune to rotting.
You are resistant to electric shocks.


Message History

The hill giant is lightly wounded.
You barely miss the hill giant.
The hill giant is lightly wounded.
The hill giant is struck by your spines.
The hill giant completely misses you.
You slash the hill giant!
The hill giant is heavily wounded.
The hill giant hits you with a giant spiked club!!
The howler monkey hoots and howls with incredible vigour!
You hear a howl!
You hear a shout!
You hear a howl!
You hear an angry buzzing noise. x2
Unknown command.
You completely miss the hill giant.
The hill giant is moderately wounded.
The hill giant hits you with a giant spiked club!!
Your chain mail prevents you from hitting the hill giant.
The hill giant is moderately wounded.
The hill giant is struck by your spines.
The hill giant hits you with a giant spiked club!!
You die...

#### #.>.....#
####'#### #.# #.#
###'## ###
#....#### ....
+....'..# .....
#....##.###K.....
#....##.@ChKK....
#....######OZ...Z
###+## ..... #+##


You could see a hill giant, an ogre, a howler monkey, 3 kobolds and a centaur
skeleton.

Vanquished Creatures
  Pikel (D:4)
  The ghost of Khael the Shield-Bearer, a novice MiFi of Trog (D:6)
  Psyche (D:8)
  2 trolls (D:8)
  Sigmund (D:2)
  A hungry ghost (D:9)
  The ghost of Gargoyl the Skirmisher, an amateur DsAK of Lugonu (D:4)
  A hippogriff (D:9)
  Edmund (D:5)
  Duvessa (D:5)
  3 porcupines (D:8)
  An ice beast (D:6)
  2 orc warriors
  A slave (D:4)
  A phantom (D:6)
  A black bear (D:8)
  4 ogres
  3 centaurs
  6 giant frogs
  A gnoll sergeant (D:9)
  Dowan (D:5)
  4 scorpions
  13 killer bees
  3 wights (D:9)
  A giant frog zombie (D:6)
  4 howler monkeys (D:9)
  7 hounds
  A centaur zombie (D:9)
  A jelly (D:8)
  3 orc priests
  9 orc wizards
  2 giant frog skeletons
  A hound (shapeshifter) (D:10)
  3 iguanas
  8 worker ants
  A killer bee zombie (D:9)
  A hound zombie (D:9)
  A worker ant zombie (D:7)
  A hound skeleton (D:4)
  4 gnolls (D:3)
  4 adders
  A shadow imp (D:8)
  3 oozes
  2 adder skeletons
  2 adder zombies
  A worm (D:3)
  2 dart slugs
  6 giant geckos
  17 orcs
  A ball python (D:3)
  10 bats
  4 giant cockroaches
  2 goblins (D:2)
  5 hobgoblins
  4 quokkas
  A giant gecko skeleton (D:4)
  A giant gecko zombie (D:7)
  A giant newt (D:4)
  7 kobolds
  A quokka zombie (D:8)
  8 rats
  A plant (D:8)
187 creatures vanquished.

Vanquished Creatures (others)
  An orc warrior (D:7)
  An orc wizard (D:5)
  An orc (D:5)
  A plant (D:8)
4 creatures vanquished.

Grand Total: 191 creatures vanquished

Notes
Turn   | Place    | Note
--------------------------------------------------------------
     0 | Abyss:1  | Gargoyl the Demonspawn Abyssal Knight began the quest for the Orb.
     0 | Abyss:1  | Reached XP level 1. HP: 18/18 MP: 2/2
    57 | Abyss:1  | Noticed an ancient zyme
   138 | Abyss:2  | Noticed a small abomination
   144 | Abyss:2  | Noticed an apocalypse crab
   147 | D:1      | Escaped the Abyss
   337 | D:1      | Gained mutation: You are partially covered in sharp spines. [demonic ancestry]
   337 | D:1      | Reached XP level 2. HP: 24/24 MP: 3/3
   448 | D:1      | Reached * piety under Lugonu
   448 | D:1      | Reached skill level 1 in Dodging
   973 | D:2      | Reached XP level 3. HP: 27/30 MP: 4/4
  1039 | D:2      | Noticed Sigmund
  1052 | D:2      | Killed Sigmund
  1052 | D:2      | Reached skill level 2 in Armour
  1052 | D:2      | Gained mutation: You are mostly covered in sharp spines. [demonic ancestry]
  1052 | D:2      | Reached XP level 4. HP: 24/38 MP: 4/6
  1052 | D:2      | Gained mutation: You are partially covered in large bone plates (AC +2, SH +2). [demonic ancestry]
  1052 | D:2      | Reached XP level 5. HP: 27/43 MP: 4/7
  1343 | D:2      | Found a bloodstained altar of Trog.
  1366 | D:2      | Found a sacrificial altar of Ru.
  1610 | D:3      | Reached skill level 5 in Fighting
  1782 | D:3      | Found a shattered altar of Ashenzari.
  1931 | D:3      | Gained mutation: You are immune to rotting. [demonic ancestry]
  1931 | D:3      | Reached XP level 6. HP: 51/51 MP: 8/8
  2044 | D:3      | Reached ** piety under Lugonu
  2398 | D:3      | Reached skill level 3 in Armour
  2587 | D:4      | Found an opulent altar of Gozag.
  2763 | D:4      | Reached XP level 7. HP: 56/56 MP: 9/9
  2843 | D:4      | Reached skill level 4 in Armour
  3280 | D:4      | Noticed Gargoyl's ghost (amateur DsAK)
  3294 | D:4      | Killed Gargoyl's ghost
  3294 | D:4      | Reached skill level 1 in Stealth
  3647 | D:5      | Entered Level 5 of the Dungeon
  3647 | D:5      | Noticed Pikel
  3663 | D:4      | Killed Pikel
  3663 | D:4      | Reached skill level 6 in Armour
  3663 | D:4      | Reached XP level 8. HP: 31/63 MP: 10/10
  3876 | D:5      | Noticed Edmund
  3913 | D:5      | Killed Edmund
  3990 | D:5      | Found a radiant altar of Vehumet.
  3998 | D:5      | Found an ancient bone altar of Kikubaaqudgha.
  3999 | D:5      | Found a deep blue altar of Sif Muna.
  4005 | D:5      | Identified Kikubaaqudgha's Disquisition on Stolen Souls
  4033 | D:5      | Found a staircase to the Ecumenical Temple.
  4118 | D:5      | Reached *** piety under Lugonu
  4133 | D:5      | Found an oddly glowing altar of Pakellas.
  4293 | D:5      | Noticed Duvessa
  4293 | D:5      | Noticed Dowan
  4303 | D:5      | Killed Duvessa
  4303 | D:5      | Reached skill level 7 in Armour
  4303 | D:5      | Killed Dowan
  4680 | D:6      | Reached XP level 9. HP: 64/69 MP: 11/11
  4683 | D:6      | Noticed Khael's ghost (novice MiFi)
  4722 | D:6      | Gained mutation: You are resistant to electric shocks. [potion of mutation]
  4722 | D:6      | Gained mutation: Scrolls take you a little longer to read. [potion of mutation]
  4722 | D:6      | Gained mutation: You have a pair of small horns on your head. [potion of mutation]
  4731 | D:6      | Killed Khael's ghost
  4731 | D:6      | Reached skill level 8 in Armour
  4731 | D:6      | Reached skill level 5 in Dodging
  4979 | D:6      | Gained mutation: You can translocate small distances at will. [potion of mutation]
  4979 | D:6      | Gained mutation: Your magical capacity is low (-10% MP). [potion of mutation]
  4980 | D:6      | Lost mutation: You can translocate small distances at will. [potion of cure mutation]
  4980 | D:6      | Lost mutation: Your magical capacity is low (-10% MP). [potion of cure mutation]
  4980 | D:6      | Lost mutation: Scrolls take you a little longer to read. [potion of cure mutation]
  4980 | D:6      | Lost mutation: You have a pair of small horns on your head. [potion of cure mutation]
  5371 | D:6      | Got a steaming helmet
  5377 | D:6      | Identified the cursed +0 helmet "Guajuif" {*Corrode rN++ Regen+ MP+9} (You found it on level 6 of the Dungeon)
  5622 | D:6      | Found a sparkling altar of Nemelex Xobeh.
  5622 | D:6      | Found an iron altar of Okawaru.
  5889 | D:7      | Found a shimmering altar of Xom.
  6284 | D:7      | Found a snail-covered altar of Cheibriados.
  6542 | D:8      | Noticed Psyche
  6551 | D:8      | Killed Psyche
  6670 | D:8      | Found a stormy altar of Qazlal.
  6742 | D:8      | Found a basalt altar of Yredelemnul.
  6764 | D:8      | Reached skill level 9 in Armour
  6803 | D:8      | Noticed a troll
  6815 | D:8      | Killed a troll
  7017 | D:8      | Reached **** piety under Lugonu
  7055 | D:8      | Reached XP level 10. HP: 73/77 MP: 13/13
  7738 | D:8      | Reached skill level 10 in Armour
  7857 | D:9      | Reached skill level 5 in Axes
  7870 | D:9      | Found a glowing silver altar of Zin.
  7904 | D:9      | Found a staircase to the Lair.
  8242 | D:9      | Found a staircase to the Orcish Mines.
  8265 | D:10     | Entered Level 10 of the Dungeon
  8269 | D:10     | Reached skill level 1 in Throwing
  8612 | D:10     | Noticed a hill giant
  8624 | D:10     | Slain by a hill giant

Skill      XL: |  1  2  3  4  5  6  7  8  9 10 |
---------------+-------------------------------+-----
Dodging        | 1 2 3 4 5 6 |  6.1
Axes           | 2 3 4 5 |  5.5
Fighting       | 4 5 6 7 |  7.1
Armour         | 2 3 6 7 9 10 | 10.8
Invocations    | 3 4 |  4.2
Stealth        | 1 |  1.5
Throwing       | 1 |  1.1

Action                   |  1- 3 |  4- 6 |  7- 9 | 10-12 || total
-------------------------+-------+-------+-------+-------++-------
Melee: Hand axe          |    40 |    53 |   213 |       ||   306
       War axe           |       |       |    33 |   127 ||   160
Throw: Javelin           |       |       |     3 |     2 ||     5
Invok: Depart the Abyss  |     1 |       |       |       ||     1
       Banish            |       |       |     2 |       ||     2
  Use: Scroll            |       |     5 |     4 |     2 ||    11
       Potion            |       |       |    13 |     1 ||    14
  Eat: Chunk             |     1 |     5 |    14 |     5 ||    25
Armor: Leather armour    |     5 |       |       |       ||     5
       Scale mail        |       |    15 |    56 |       ||    71
       Chain mail        |       |       |    58 |   101 ||   159
       Skin              |       |       |    24 |       ||    24
Dodge: Dodged            |    33 |    28 |   118 |    73 ||   252
Block: Other             |       |     4 |    17 |    10 ||    31
